[Event "Late-Titled-Tuesday-Blitz-May-14-2024"]
[Site "Chess.com"]
[Date "2024.05.14"]
[Round "9"]
[White "simaopdias"]
[Black "protectiago"]
[Result "1-0"]
[WhiteElo "2222"]
[BlackElo "2079"]
[TimeControl "180+1"]
[EndTime "15:44:00 PDT"]
[Termination "simaopdias won on time"]

1. e4 e5 2. Nf3 Nc6 3. Bb5 a6 4.
Ba4 Nf6 5. d3 b5 6. Bb3 Be7 7.
Nbd2 O-O 8. c3 d6 9. O-O Bb7 10.
Re1 h6 11. Nf1 Re8 12. h3 Bf8 13. N3h2 Na5 14. Bc2 c5 15. Qf3 Nc6 16. a4 Qe7 17.
Ng3 Qe6 18. Be3 g6 19. Ng4 Nxg4 20. hxg4 Bg7 21. Qd1 Ne7 22. Bb3 c4 23. Bc2 d5 24.
d4 dxe4 25. Nxe4 Nd5 26. Nc5 Nxe3 27. Rxe3 Qc8 28. Nxb7 Qxb7 29. Be4 Qc7 30. Bxa8 Rxa8 31. axb5 exd4 32. cxd4 Rd8 33. d5 axb5 34. Ra2 Qc5 35.
d6 Rxd6 36. Re8+ Kh7 37. Qf3 Rf6 38. Qe2 Rf4 39. Raa8 Bd4 40. Rac8 Bxf2+ 41. Kh1 Qd4 42. Rh8+ Qxh8 43. Rxh8+ Kxh8 44. Qe8+ Kh7 45. Qxb5 Bg3 46. Kg1 Rxg4 47. Qe8 Rf4 48. Qd7 h5 49. Qd5 h4 50.
Qd1 1-0

[Event "Late-Titled-Tuesday-Blitz-May-14-2024"]
[Site "Chess.com"]
[Date "2024.05.14"]
[Round "9"]
[White "sergoy"]
[Black "sergiochess83"]
[Result "1-0"]
[WhiteElo "3016"]
[BlackElo "2856"]
[TimeControl "180+1"]
[EndTime "15:44:01 PDT"]
[Termination "sergoy won on time"]

1. d4 d5 2. c4 c6 3. Nf3 Nf6 4. Nc3 e6 5. e3 Nbd7 6. Qc2 Bd6 7. Bd3 O-O 8. O-O dxc4 9. Bxc4 e5 10. h3 Qe7 11. a3 a5 12. Ba2 Bb8 13. Bd2 h6 14.
Nh4 Rd8 15. Nf5 Qf8 16. Rad1 Nb6 17. Bc1 exd4 18. exd4 Nbd5 19. Rfe1 Be6 20. Bb1 Re8 21. Na4 Ba7 22. Ng3 Rad8 23. Nc5 Bc8 24. Nh5 Rxe1+ 25.
Rxe1 Re8 26. Rxe8 Qxe8 27. Nxf6+ Nxf6 28. Be3 Qe7 29. Ba2 Bb8 30. Kf1 Qd6 31. Qg6 Nd5 32.
Qe4 Kf8 33. Bd2 b6 34. Nd3 Ba6 35. Bb1 Qg6 36. Qxg6 fxg6 37. g3 g5 38. Ke2 Bd6 39. Kf3 Ke7 40. Bc2 Bb7 41. Ke2 Nc7 42. Be3 Ne6 43. Kd2 Nc7 44. Bb3 Nd5 45. Bxd5 cxd5 46. g4 Ba6 47. f3 Bxd3 48. Kxd3 a4 49. Kc3 b5 50. Bd2 Kd7 51. Kd3 Kc6 52. Ba5 Kd7 53.
Kc3 Kc6 54. Bb4 Bg3 55. Bf8 1-0

[Event "Late-Titled-Tuesday-Blitz-May-14-2024"]
[Site "Chess.com"]
[Date "2024.05.14"]
[Round "9"]
[White "NCchamp"]
[Black "cukricek"]
[Result "0-1"]
[WhiteElo "2312"]
[BlackElo "2447"]
[TimeControl "180+1"]
[EndTime "15:44:01 PDT"]
[Termination "cukricek won on time"]

1. d4 Nf6 2. Bg5 Ne4 3. Bf4 c5 4. f3 Qa5+ 5. c3 Nf6 6. e4 cxd4 7. Qxd4 Nc6 8. Qd1 d5 9. Bd3 dxe4 10. fxe4 Bg4 11. Nf3 e6 12. Nbd2 O-O-O 13. Nc4 Qc5 14. Be3 Qh5 15. Qe2 Bc5 16. O-O-O Rd7 17. Bf4 Rhd8 18. h3 Bxf3 19. gxf3 Qh4 20. Be3 Bxe3+ 21. Qxe3 Nh5 22. Rhg1 Qf4 23. Bc2 Rxd1+ 24. Rxd1 Rxd1+ 25. Kxd1 b5 26. Qxf4 Nxf4 27. Nd6+ Kd7 28. Nxf7 Nxh3 29. e5 Ke7 30. Be4 Kxf7 31. Bxc6 a6 32. Bb7 a5 33.
Bc6 b4 34. cxb4 axb4 35. a4 bxa3 36. bxa3 Ke7 37. a4 Kd8 38. Be4 h5 39. Ke2 h4 40.
Kf1 Nf4 41. Kg1 Kc7 42. Kh2 Kb6 43. Ba8 Ka5 44. Bc6 Kb4 45. Bb5 Ng6 46. Be8 Nxe5 47. Kh3 Nxf3 48. Bc6 Nd4 49. Be8 g5 50. Kg4 e5 51.
Bd7 e4 0-1

[Event "Late-Titled-Tuesday-Blitz-May-14-2024"]
[Site "Chess.com"]
[Date "2024.05.14"]
[Round "9"]
[White "Msb2"]
[Black "MITerryble"]
[Result "0-1"]
[WhiteElo "3072"]
[BlackElo "3026"]
[TimeControl "180+1"]
[EndTime "15:44:03 PDT"]
[Termination "MITerryble won by checkmate"]

1. d4 d5 2. c4 dxc4 3. e4 e5 4. Nf3 exd4 5. Bxc4 Nc6 6. O-O Be6 7.
Nbd2 Nf6 8. Qb3 Qd7 9. Qxb7 Rb8 10. Qa6 Bd6 11. a3 O-O 12. Qa4 Bxc4 13. Qxc4 Rbe8 14. Re1 Ng4 15. h3 Nge5 16. Nxe5 Nxe5 17. Qb3 Rb8 18. Qc2 Qb5 19. b4 a5 20. Bb2 Nd3 21.
Reb1 Nxb2 22. Qxb2 axb4 23. axb4 Qxb4 24. Qxb4 Bxb4 25. Nc4 c5 26. g3 Rfe8 27. e5 Rbd8 28. Ra7 f6 29. f4 fxe5 30. fxe5 d3 31. Rd1 d2 32. Kf2 h6 33. Ra2 Rd4 34. Nxd2 Red8 35.
Ke2 c4 36. e6 c3 37. e7 Bxe7 38.
Ra7 Rxd2+ 39. Rxd2 Rxd2+ 40. Kf3 Bf6 41. Rc7 Rd3+ 42.
Kg4 Rxg3+ 43. Kf5 Rg5+ 44. Ke6 Kh7 45. h4 Re5+ 46. Kd6 Re3 47. Kd5 Re5+ 48. Kd6 Rh5 49.
Ke6 Rxh4 50. Kf7 Re4 51. Rc8 Re7+ 52. Kf8 Kg6 53. Rc4 Ra7 54. Rg4+ Bg5 55. Rc4 Ra8+ 56.
Rc8 Rxc8# 0-1

[Event "Late-Titled-Tuesday-Blitz-May-14-2024"]
[Site "Chess.com"]
[Date "2024.05.14"]
[Round "9"]
[White "KirAk47"]
[Black "nindjaxx8"]
[Result "1-0"]
[WhiteElo "2489"]
[BlackElo "2649"]
[TimeControl "180+1"]
[EndTime "15:44:03 PDT"]
[Termination "KirAk47 won on time"]

1. e4 e6 2. Nf3 d5 3. e5 c5 4. b4 cxb4 5. a3 Nc6 6. d4 Qb6 7. axb4 Bxb4+ 8. c3 Be7 9. Bd3 f6 10. O-O fxe5 11. dxe5 Nh6 12. Bxh6 gxh6 13. Qd2 Bd7 14. Na3 Bxa3 15. Rxa3 O-O-O 16. Rb1 Qc5 17. Qb2 b6 18. Nd4 Na5 19. Qa1 Rdf8 20. Bb5 Rhg8 21. Rxa5 bxa5 22. Qxa5 Bxb5 23. Rxb5 Qe7 24. Qa6+ Kd7 25.
Rb7+ Ke8 26. Rxe7+ Kxe7 27. Qxe6+ Kd8 28. Qd6+ Kc8 29.
e6 Kb7 30. e7 Rc8 31. Qd7+ Kb6 32. g3 Rge8 33. Ne6 a5 34. Nd8 Rxe7 35. Qxe7 a4 36.
Qd6+ Ka5 37. Qxd5+ Kb6 38. Qd6+ Ka5 39. Qd5+ Kb6 40.
Qe6+ Kc7 41. Nf7 a3 42. Qd6+ Kb7 43. Qxa3 Rc6 44. Qb4+ Kc7 45. Qe7+ Kb6 46. Qe3+ Kc7 47. Nxh6 Rd6 48. Ng4 Kc6 49. h4 h5 50. Kg2 Kc7 51. Ne5 Rd5 52. Ng6 Rd6 53. Qe5 Kc6 54. Ne7+ Kd7 55.
Nf5 Re6 56. Qd5+ Rd6 57. Qxd6+ Kc8 58. Qe7 Kb8 59. Nd6 1-0

[Event "Late-Titled-Tuesday-Blitz-May-14-2024"]
[Site "Chess.com"]
[Date "2024.05.14"]
[Round "9"]
[White "SoCalJuniorChess"]
[Black "PNEPaul"]
[Result "1-0"]
[WhiteElo "2203"]
[BlackElo "1908"]
[TimeControl "180+1"]
[EndTime "15:44:03 PDT"]
[Termination "SoCalJuniorChess won on time"]

1. d4 a6 2. e4 d6 3. Nf3 g6 4. h4 h6 5. Bd3 Bg7 6. Bf4 Nd7 7. Qd2 e5 8. Be3 Ngf6 9. Nc3 Ng4 10. O-O-O Nxe3 11. Qxe3 O-O 12. d5 f5 13. h5 f4 14.
Qe2 g5 15. g3 Nf6 16. gxf4 exf4 17. Nd4 Ng4 18. Ne6 Bxe6 19. dxe6 Ne5 20. Nd5 Bf6 21. Bc4 Kh7 22. Kb1 c6 23. Nxf6+ Qxf6 24. Rxd6 f3 25.
Qf1 Rfd8 26. Rxd8 Rxd8 27. Bd3 Qxe6 28. Qd1 Qd6 29. Rh3 Nxd3 30. Qxd3 Qxd3 31. cxd3 Rxd3 32. Kc2 Rd4 33. Rxf3 Rxe4 34. Rf7+ Kg8 35. Rxb7 Re2+ 36. Kc3 Rxf2 37. Rb6 Rf6 38. Rxa6 g4 39. Ra4 Rf3+ 40.
Kc2 g3 41. Rg4+ Kf7 42. Rg6 Rf2+ 43. Kc3 g2 44. a4 c5 45. a5 Rf3+ 46. Kc4 Rf2 47. b3 Ra2 48. Kb5 Rb2 49. Kxc5 Rxb3 50. Rxg2 Rh3 51. Rb2 Rxh5+ 52. Kb6 Rh1 53. Rb5 h5 54. a6 1-0

[Event "Late-Titled-Tuesday-Blitz-May-14-2024"]
[Site "Chess.com"]
[Date "2024.05.14"]
[Round "9"]
[White "mostafa_sakha"]
[Black "Nf3c5"]
[Result "1/2-1/2"]
[WhiteElo "2390"]
[BlackElo "2550"]
[TimeControl "180+1"]
[EndTime "15:44:04 PDT"]
[Termination "Game drawn by repetition"]

1. d4 d5 2. c4 e6 3. Nc3 Nf6 4. cxd5 exd5 5. Bg5 c6 6. e3 h6 7. Bh4 Be7 8. Bd3 Qb6 9. Nge2 Na6 10. O-O O-O 11.
a3 Qd8 12. b4 Nc7 13. Qc2 Re8 14. Rab1 a6 15. a4 Ne4 16. Bxe7 Qxe7 17. Nxe4 dxe4 18.
Bc4 Be6 19. Bxe6 Qxe6 20. Nf4 Qe7 21. Qc5 Rad8 22. Rfc1 Qh4 23. g3 Qg4 24. Qb6 Nd5 25. Qxb7 Nxf4 26. exf4 e3 27. Rf1 Rxd4 28. Qxc6 Red8 29.
fxe3 Rd2 30. Qf3 Qh3 31. Rf2 R2d3 32. Re1 Qe6 33. Rfe2 Qb3 34. Qb7 Qxa4 35. e4 Rd1 36. e5 Rxe1+ 37. Rxe1 Qa2 38. Qe4 Rd2 39. e6 fxe6 40. Qxe6+ Qxe6 41. Rxe6 Rb2 42. Rb6 Kf7 43. h4 Ra2 44. h5 Ra4 45. Kf2 a5 46. b5 Rb4 47. Kf3 a4 48. Kg4 a3 49. Kf5 a2 50.
Rb7+ Kg8 51. Ra7 Rxb5+ 52. Kg4 Rb2 53. Kf5 Kh7 54. g4 Rb5+ 55. Ke4 Rb4+ 56. Kf5 Rb5+ 57. Ke4 Rb4+ 58. Kf5 Rb2 59. g5 hxg5 60. fxg5 Rb5+ 61. Kg4 Rb4+ 62. Kf5 Rb5+ 63. Kg4 Rb4+ 64. Kf5 Rb5+ 1/2-1/2

[Event "Late-Titled-Tuesday-Blitz-May-14-2024"]
[Site "Chess.com"]
[Date "2024.05.14"]
[Round "9"]
[White "Supelyel"]
[Black "NMJeevanK"]
[Result "1-0"]
[WhiteElo "2443"]
[BlackElo "2688"]
[TimeControl "180+1"]
[EndTime "15:44:04 PDT"]
[Termination "Supelyel won by checkmate"]

1. c4 g6 2. g3 Bg7 3. Bg2 d6 4. Nc3 Nf6 5. d3 O-O 6. Nf3 e5 7. Bg5 h6 8. Bxf6 Bxf6 9. O-O Bg7 10. Rb1 a5 11. a3 Nc6 12. b4 axb4 13. axb4 Rb8 14.
b5 Ne7 15. Nd2 f5 16. Qc2 f4 17. Ra1 Nf5 18. Nb3 Kh7 19. Ra7 h5 20. Ne4 b6 21. h4 Bb7 22. Rxb7 Rxb7 23. Ng5+ Kh8 24.
Bxb7 fxg3 25. fxg3 Qb8 26. Be4 Ne3 27. Rxf8+ Qxf8 28. Qc1 Ng4 29. Qf1 Bf6 30. Bxg6 Qg7 31. Qf5 Nh6 32.
Qc8+ Qg8 33. Qxg8+ Kxg8 34. Bxh5 Nf5 35. Kh2 Ng7 36.
Bg4 Ne8 37. Ne4 Bd8 38. Bd7 Ng7 39. Kh3 Kf8 40. g4 Ke7 41. Bc8 Kf7 42. g5 Kg6 43. e3 Nh5 44. Bd7 Ng7 45. Nbd2 Nh5 46. Be8+ Kg7 47. Bxh5 Be7 48. Bg4 Kh7 49. Nf3 Kg6 50.
d4 exd4 51. exd4 Bf8 52. h5+ Kh7 53. Kh4 Be7 54. h6 Kg6 55. Bh5+ Kh7 56. Kg4 Kh8 57. Bg6 Kg8 58. Kh5 Kh8 59. Bf5 Bf8 60. g6 Be7 61. Neg5 Bf6 62. Be6 d5 63. Nf7+ Kg8 64.
N7e5+ Kh8 65. Ng5 dxc4 66. Ngf7+ Kg8 67. h7+ Kf8 68. Ng4 Bxd4 69. Nfe5 Kg7 70. Kg5 c3 71. Bf5 Bc5 72. Nf6 Be7 73. Nd7 Bd8 74. Kf4 Be7 75.
Bc2 Bd6+ 76. Ke3 Be7 77. Kd3 Bb4 78. Kc4 Bd6 79. Kxc3 Be7 80. Kc4 Bd6 81. Kd5 Kh8 82. Ke6 Kg7 83. Nh5+ Kh6 84. h8=Q+ Kg5 85. Qf6+ Kh6 86.
g7+ Kxh5 87. Qg6+ Kh4 88. g8=Q Kh3 89. Q8h7# 1-0

[Event "Late-Titled-Tuesday-Blitz-May-14-2024"]
[Site "Chess.com"]
[Date "2024.05.14"]
[Round "9"]
[White "emeli_chess"]
[Black "th3d4rkness"]
[Result "1-0"]
[WhiteElo "2403"]
[BlackElo "2177"]
[TimeControl "180+1"]
[EndTime "15:44:06 PDT"]
[Termination "emeli_chess won on time"]

1. d4 Nf6 2. c4 e6 3. Nc3 Bb4 4. Qc2 c5 5. dxc5 Na6 6. a3 Bxc3+ 7.
Qxc3 Nxc5 8. f3 O-O 9. b4 Na4 10. Qc2 b5 11. e4 d5 12. cxd5 exd5 13. e5 Nh5 14. Bxb5 Qh4+ 15. Qf2 Ng3 16. Bxa4 Qc4 17. Bb2 Nxh1 18. Qe2 Qh4+ 19. g3 Nxg3 20. Qf2 Nf5 21. Qxh4 Nxh4 22. Bc6 Rb8 23. Bxd5 Ng2+ 24. Kf2 Nf4 25.
Be4 Be6 26. Rd1 Rfd8 27. Rd6 Rxd6 28. exd6 Rd8 29. Be5 Ng6 30. Bxg6 hxg6 31. Bg3 f6 32.
Ne2 Bc4 33. Nd4 Kf7 34. Nc6 Rd7 35. Ke3 Bb5 36. Nd4 Ba4 37. Ke4 f5+ 38. Kd5 Rd8 39.
Nc6 Rd7 40. Ne5+ Ke8 41. Nxd7 Kxd7 42. Be5 Bc6+ 43. Kc5 Bxf3 44. Bxg7 g5 45. Bh6 g4 46. Bf4 Be4 47. b5 Bf3 48. a4 Be4 49. a5 Bf3 50. Kd4 Be4 51. Kc4 Bf3 52. Kd3 Bd5 53.
Kd4 Bf3 54. Ke5 Be4 55. a6 1-0

[Event "Late-Titled-Tuesday-Blitz-May-14-2024"]
[Site "Chess.com"]
[Date "2024.05.14"]
[Round "9"]
[White "Viktoker"]
[Black "zajka-molotok"]
[Result "1-0"]
[WhiteElo "2420"]
[BlackElo "2546"]
[TimeControl "180+1"]
[EndTime "15:44:08 PDT"]
[Termination "Viktoker won on time"]

1. e4 g6 2. d4 Bg7 3. h4 d6 4. h5 gxh5 5. Nc3 Nc6 6. Be3 e5 7.
d5 Nd4 8. Nge2 Bg4 9. f3 Nxe2 10.
Bxe2 Bd7 11. Qd2 Ne7 12. O-O-O Ng6 13. Rxh5 Qe7 14. Kb1 a6 15. Rdh1 O-O-O 16. Rxh7 Rxh7 17. Rxh7 Bf6 18. a4 Nf4 19. Bf1 Rg8 20. g4 Bg5 21. b4 Qf6 22. b5 axb5 23. Bxb5 Bxb5 24. Nxb5 Qg6 25. Qa5 Bd8 26. Na7+ Kd7 27. Qb5+ Ke7 28.
Rh1 Kf6 29. Qxb7 Ng2 30. Bd2 Kg7 31. Bh6+ Kf6 32. Bd2 Kg7 33. Qb2 Bg5 34. Bxg5 Qxg5 35. Nc6 Ne3 36. a5 Nc4 37. Qb4 Nd2+ 38. Kb2 Nxf3 39. a6 Qe3 40. a7 Nd4 41. Nxd4 exd4 42. Rd1 Ra8 43. Rd3 Qxe4 44. Qb7 Qe8 45. Rxd4 Qe5 46. c3 Qe2+ 47. Kb3 Qe8 48. g5 Kg6 49. Rb4 Kxg5 50. Qxc7 Kg6 51. Ra4 Qb5+ 52. Rb4 Qa6 53.
Ra4 Qb5+ 54. Ka3 Qd3 55. Qxd6+ 1-0

[Event "Late-Titled-Tuesday-Blitz-May-14-2024"]
[Site "Chess.com"]
[Date "2024.05.14"]
[Round "9"]
[White "Jarming"]
[Black "yaguigor"]
[Result "0-1"]
[WhiteElo "2675"]
[BlackElo "2576"]
[TimeControl "180+1"]
[EndTime "15:44:09 PDT"]
[Termination "yaguigor won on time"]

1. e4 c5 2. Nf3 Nc6 3. Nc3 Nf6 4.
Bb5 Qc7 5. O-O Nd4 6. Bc4 e6 7. d3 a6 8. a4 Ng4 9. g3 Nxf3+ 10.
Qxf3 Ne5 11. Qe2 d6 12. f4 Nc6 13. Be3 Be7 14. Qg2 O-O 15. Ne2 b6 16. Rf2 Bb7 17.
f5 exf5 18. Rxf5 Ne5 19. Raf1 Nxc4 20. dxc4 g6 21. R5f2 f5 22. Nc3 Bf6 23. Nd5 Bxd5 24. cxd5 Qe7 25. Bh6 Bd4 26. Bxf8 Rxf8 27. c3 Bxf2+ 28.
Qxf2 Qxe4 29. Qd2 Re8 30. Kf2 b5 31. axb5 axb5 32. Ra1 c4 33. Ra6 Qd3 34. Qxd3 cxd3 35. Ra1 Re2+ 36. Kf3 Rxb2 37. Ke3 d2 38. Ke2 Kf7 39.
Ra7+ Kf6 40. Rxh7 g5 41. Rh5 g4 42. h3 gxh3 43. Rxh3 Ke5 44. Rh5 Ke4 45. Rg5 Rc2 46. Kd1 Rxc3 47. Kxd2 Rd3+ 48. Kc2 Rxd5 49. Rg8 Kf3 50.
Rg5 Ke4 51. Kc3 Re5 52. Kb4 Kd4 53. g4 f4 54. Rg8 f3 55. Rf8 Ke3 56. Rf6 f2 0-1

[Event "Late-Titled-Tuesday-Blitz-May-14-2024"]
[Site "Chess.com"]
[Date "2024.05.14"]
[Round "9"]
[White "SujanaLohani"]
[Black "ozates"]
[Result "0-1"]
[WhiteElo "2124"]
[BlackElo "2658"]
[TimeControl "180+1"]
[EndTime "15:44:11 PDT"]
[Termination "ozates won on time"]

1. e4 c5 2. Nf3 Nc6 3. Bb5 g5 4. Nxg5 Nf6 5. Nc3 Rg8 6. d3 h6 7. Bxc6 dxc6 8. e5 Nd5 9. Nge4 Rxg2 10. Qf3 Rg6 11. Nxc5 Qa5 12. d4 Bg4 13. Qd3 Nb4 14. Qd2 Bf5 15. Nd3 Bxd3 16. cxd3 O-O-O 17. a3 Rxd4 18.
Ne2 Nc2+ 19. Kd1 Qd5 20. Kxc2 Rh4 21. Rf1 Rxh2 22. Nf4 Qc5+ 23. Qc3 Rxf2+ 24. Bd2 Qxc3+ 25. Kxc3 Rxf1 26. Rxf1 Rg5 27. Ne6 Rg8 28. Nxf8 Rxf8 29. Bxh6 Rh8 30. Bg7 Rh7 31. Rxf7 Kd7 32. Rf8 Rxg7 33.
Ra8 a6 34. Rb8 Kc7 35. Rf8 Rg5 36. d4 Rg3+ 37. Kc4 Rg2 38. Rf7 Kd7 39. b4 Rc2+ 40. Kd3 Ra2 41. Ke4 Rxa3 42. Rf8 Rb3 43. Rh8 Rxb4 44. Rh7 Rb1 45. Kf5 a5 46. e6+ Kd6 47. Rh8 Rf1+ 48. Ke4 Kxe6 49. Rb8 b5 50. Rb6 Kd6 51.
d5 Re1+ 52. Kd3 Rd1+ 0-1

[Event "Late-Titled-Tuesday-Blitz-May-14-2024"]
[Site "Chess.com"]
[Date "2024.05.14"]
[Round "9"]
[White "FuenfgegenWilly"]
[Black "CombativeWombat"]
[Result "0-1"]
[WhiteElo "2445"]
[BlackElo "2353"]
[TimeControl "180+1"]
[EndTime "15:44:11 PDT"]
[Termination "CombativeWombat won by checkmate"]

1. b3 e5 2. Bb2 Nc6 3. e3 Nf6 4. c4 Bc5 5. a3 a5 6. d4 exd4 7. exd4 Bd6 8. Nf3 O-O 9. Be2 Re8 10. O-O b6 11. Nbd2 Ba6 12. Bd3 Ne7 13. d5 Ng6 14.
Qc2 Nf4 15. Bxf6 Qxf6 16. Bxh7+ Kh8 17. Ne4 Rxe4 18. Bxe4 g5 19. Qd2 g4 20. Ne1 a4 21. Nd3 axb3 22. Qb2 Qxb2 23. Nxb2 Be5 24. Rab1 Bxb2 25. Rxb2 Bxc4 26. Rc1 Ne2+ 27. Rxe2 Bxe2 28. d6 c6 29. f3 Rxa3 30. Kf2 gxf3 31. gxf3 Bb5 32. h4 b2 33. Rb1 Rb3 34. h5 Kg7 35.
Rh1 Kh6 36. Kg3 Bc4 37. Kf4 Bd5 38. Bb1 Rxf3+ 39. Kg4 Rc3 40. Rh2 Rc4+ 41. Kf5 Be6+ 42. Kf6 Rf4+ 43. Ke7 Rb4 44. Rh1 c5 45. Re1 c4 46.
Rxe6+ fxe6 47. Kxd7 c3 48. Kxe6 Rd4 49. d7 b5 50. Ke7 b4 51. Bc2 Kxh5 52. d8=Q Rxd8 53. Kxd8 b3 54. Bxb3 b1=Q 55. Bf7+ Kg5 56. Ke7 Qc1 57. Be6 Qd2 58. Kf7 c2 59. Kg8 c1=Q 60. Kf7 Qcc3 61. Ke7 Qdd4 62. Bf7 Qf6+ 63. Ke8 Qc8# 0-1

[Event "Late-Titled-Tuesday-Blitz-May-14-2024"]
[Site "Chess.com"]
[Date "2024.05.14"]
[Round "9"]
[White "Incognito_Knight"]
[Black "temus_galaktionov"]
[Result "0-1"]
[WhiteElo "2727"]
[BlackElo "2864"]
[TimeControl "180+1"]
[EndTime "15:44:15 PDT"]
[Termination "temus_galaktionov won on time"]

1. e4 c6 2. d4 g6 3. Nc3 Bg7 4. Nf3 d6 5. h3 Nd7 6. Be2 e5 7. O-O Ngf6 8. Be3 Qe7 9. dxe5 dxe5 10. a4 O-O 11. Nd2 Nc5 12. Bf3 Rd8 13. Qe2 Ne6 14. Nc4 Nd4 15. Bxd4 Rxd4 16. Rfd1 Bd7 17. a5 Rd8 18. Rxd4 exd4 19. Nb1 Be6 20. Nbd2 Qb4 21. Qd3 Nd7 22. Qa3 Qxa3 23. Rxa3 Bf8 24. Ra1 h5 25. a6 b6 26. e5 b5 27. Na5 Nxe5 28. Nxc6 Nxc6 29.
Bxc6 Rc8 30. Be4 Bg7 31. Bd3 b4 32. Ra5 Rc6 33. Rb5 Bf5 34. Rb8+ Kh7 35. Nf3 Kh6 36. Bxf5 gxf5 37. Rxb4 Rxc2 38. Nxd4 Rc1+ 39. Kh2 Bxd4 40. Rxd4 Ra1 41. Rd6+ Kg5 42. Kg3 h4+ 43. Kf3 Ra2 44. b4 Rb2 45. Rd7 Rxb4 46. Rxf7 Rb3+ 47. Ke2 Rb2+ 48.
Ke3 Rb3+ 49. Kd4 Rb2 50. Rxa7 Rxf2 51. Ra8 Ra2 52. a7 Kf4 53. Kd5 Ra1 54. Ke6 Ra6+ 55. Kf7 Ra5 56. Kg6 Kg3 57. Kh5 f4+ 58. Kh6 Kxg2 59.
Rg8+ Kxh3 60. a8=Q Rxa8 61. Rxa8 f3 62. Kg5 Kg3 63.
Ra1 h3 64. Kf5 f2 65. Ke4 Kg2 66. Kf4 h2 0-1

[Event "Late-Titled-Tuesday-Blitz-May-14-2024"]
[Site "Chess.com"]
[Date "2024.05.14"]
[Round "9"]
[White "schondeln"]
[Black "marik_spb"]
[Result "0-1"]
[WhiteElo "2352"]
[BlackElo "2500"]
[TimeControl "180+1"]
[EndTime "15:44:15 PDT"]
[Termination "marik_spb won on time"]

1. e4 e6 2. d4 d5 3. exd5 exd5 4. Nf3 Nf6 5. Bd3 c5 6. O-O c4 7. Re1+ Be7 8. Bf1 O-O 9. b3 Be6 10. Ng5 Bg4 11. f3 Bf5 12. bxc4 h6 13. Nh3 Bxh3 14. gxh3 dxc4 15. Bxc4 Nc6 16. c3 Bd6 17. Bf1 Nh5 18.
Nd2 Qh4 19. Ne4 Rae8 20. Bd2 Bc7 21. Qe2 Nf4 22. Qf2 Nxh3+ 23. Bxh3 Qxh3 24. Qg2 Qf5 25. Bxh6 Qh7 26. Bxg7 Bxh2+ 27. Kf1 Rxe4 28. Bxf8+ Kxf8 29. Rxe4 Bd6 30. Rae1 Ne7 31. a4 Qh6 32. Ke2 Ng6 33. Kd1 Qh5 34. Qg4 Qd5 35. Qg2 Qb3+ 36. Qc2 Qa3 37.
Re8+ Kg7 38. R8e4 Bg3 39. Ke2 Bxe1 40. Kxe1 Qd6 41. Kd1 Qg3 42. Qe2 Qg5 43. Kc2 Qa5 44. Qb5 Qc7 45. Qd5 a6 46. a5 Qh2+ 47. Kb3 Qh1 48.
Kc4 Qb1 49. Kc5 Qb5+ 50. Kd6 Qa4 51. Kc7 Qa3 52. Kxb7 Qxc3 53. Kxa6 Qxf3 54. Kb7 Qa3 55. a6 Qb4+ 56. Ka8 Qf8+ 57. Kb7 Qb4+ 58. Kc6 Qc3+ 59.
Kd7 Qa3 0-1

[Event "Late-Titled-Tuesday-Blitz-May-14-2024"]
[Site "Chess.com"]
[Date "2024.05.14"]
[Round "9"]
[White "VladimirBugayev"]
[Black "merinasian"]
[Result "1-0"]
[WhiteElo "2329"]
[BlackElo "2488"]
[TimeControl "180+1"]
[EndTime "15:44:19 PDT"]
[Termination "VladimirBugayev won by resignation"]

1. e4 d6 2. Nc3 Nd7 3. g3 g6 4.
Bg2 Bg7 5. d4 e5 6. Nge2 Ne7 7.
O-O O-O 8. h3 exd4 9. Nxd4 Nc6 10.
Nde2 Re8 11. g4 Nc5 12. Ng3 a5 13. Be3 Be6 14. f4 Bc4 15. Re1 Ne6 16. Qd2 Qh4 17. Bf2 Bd4 18. Kh2 Bxf2 19. Qxf2 Qf6 20. f5 Nc5 21.
Nge2 Qe5+ 22. Kh1 Bxe2 23. Rxe2 a4 24. Nd5 a3 25. Rf1 g5 26. Nxc7 axb2 27. Nxe8 Rxe8 28. h4 h6 29. Rb1 Na4 30. Rg1 Nc3 31. Ree1 Ra8 32. hxg5 hxg5 33. Qd2 Kg7 34. Qxg5+ Kf8 35. Qh6+ Ke7 36. g5 Kd7 37. f6 Rxa2 38. Qg7 Ra1 39.
Qxf7+ Kd8 40. Qg7 Rxe1 41. Rxe1 b1=Q 42. Rxb1 Nxb1 43. Qg8+ Kc7 44. f7 Qg3 45. f8=Q Qh4+ 46. Kg1 Qe1+ 47. Qf1 Qe3+ 48. Qf2 Qc1+ 49. Kh2 Nc3 50.
Qg7+ Kc8 51. Qxc3 Qxg5 52. Qh3+ Kb8 53. Qfg3 Qd2 54. Qh6 Qc1 55. Qhxd6+ Ka7 56. Qc5+ Ka6 57. e5 Qh6+ 58. Bh3 Qd2+ 59. Qg2 Qf4+ 60. Kh1 Qc1+ 61. Qcg1 Qh6 62. Q1f1+ Ka7 63. Qf6 Qc1+ 64. Qg1+ Qxg1+ 65. Kxg1 1-0

[Event "Late-Titled-Tuesday-Blitz-May-14-2024"]
[Site "Chess.com"]
[Date "2024.05.14"]
[Round "9"]
[White "MalcolmPein"]
[Black "TheBigBadChessDad"]
[Result "1-0"]
[WhiteElo "2328"]
[BlackElo "2276"]
[TimeControl "180+1"]
[EndTime "15:44:19 PDT"]
[Termination "MalcolmPein won on time"]

1. Nf3 c6 2. c4 d5 3. e3 Nf6 4.
Nc3 e6 5. Qc2 Nbd7 6. b3 Bd6 7.
Bb2 Qe7 8. Be2 O-O 9. Rg1 e5 10. cxd5 cxd5 11. Nb5 e4 12. Nfd4 Bxh2 13. Rh1 Be5 14. f4 Bxd4 15. Bxd4 a6 16. Nc3 b5 17. Qb2 Bb7 18. g4 Ne8 19. Kf2 f5 20. g5 g6 21.
Rh6 Rf7 22. Rah1 Nf8 23. Bh5 Ng7 24. Bf6 Rxf6 25. gxf6 Qxf6 26. Be2 d4 27. Nd1 dxe3+ 28. dxe3 Qxb2 29. Nxb2 Rc8 30. Bd1 Rc1 31. Ke1 Nge6 32. Kd2 Ra1 33. a4 Nc5 34. axb5 axb5 35. Kc3 Na6 36.
Be2 b4+ 37. Kd4 Ra2 38. Bc4+ Kg7 39. Na4 Rd2+ 40. Ke5 Nc7 41. R6h2 Rd8 42. Rc1 Nd7+ 43. Kd6 Ne8+ 44. Ke7 Ra8 45. Kxd7 Nf6+ 46. Kc7 Ba6 47.
Bxa6 Rxa6 48. Rc6 Ra7+ 49. Kb6 Rd7 50. Rc7 Nd5+ 51. Kc6 Rxc7+ 52. Kxd5 Rc1 53. Rd2 Re1 54. Kc5 Rxe3 55. Kxb4 Rf3 56. Nc3 Rxf4 57. Kc5 Rf3 58. Kc4 f4 59. b4 e3 60. Re2 Rf2 61. b5 Rf1 62. b6 1-0

[Event "Late-Titled-Tuesday-Blitz-May-14-2024"]
[Site "Chess.com"]
[Date "2024.05.14"]
[Round "9"]
[White "Redzishchess"]
[Black "slidingknight2775"]
[Result "1-0"]
[WhiteElo "2507"]
[BlackElo "2590"]
[TimeControl "180+1"]
[EndTime "15:44:20 PDT"]
[Termination "Redzishchess won by checkmate"]

1. d4 Nf6 2. c4 e6 3. g3 d5 4. Bg2 dxc4 5. Nf3 c6 6. Ne5 Bb4+ 7.
Nc3 Nd5 8. O-O O-O 9. Qc2 b5 10. a4 f6 11. Nf3 Bb7 12. axb5 Bxc3 13. bxc6 Nxc6 14. bxc3 Rc8 15. e4 Nb6 16. Rd1 a6 17. Rb1 Na5 18. Be3 Nb3 19. Nd2 Nxd2 20. Rxd2 Rc6 21.
d5 exd5 22. exd5 Rd6 23. Bc5 Ba8 24. Bxd6 Qxd6 25. Qf5 Re8 26. Qf4 Qxf4 27. gxf4 Na4 28. d6 Bxg2 29. Kxg2 Nxc3 30. d7 Rd8 31. Rc1 Ne4 32.
Rd4 f5 33. Rcxc4 Kf7 34. Rc8 Ke7 35. Rxd8 Kxd8 36. f3 Nf6 37. Kf2 a5 38. Ra4 Kxd7 39.
Rxa5 Ke6 40. Ra7 g6 41. Ke2 Nd5 42. Ra6+ Kf7 43. Ra7+ Kg8 44. Kd3 Nxf4+ 45. Kd4 Nh5 46. Ke5 Ng7 47. Kf6 Nh5+ 48. Kg5 Ng7 49. Kh6 Ne8 50. Rxh7 Nf6 51. Rg7+ Kf8 52. Rxg6 Nd5 53. Kg5 Kf7 54. Ra6 Ne7 55. Ra7 Ke6 56. Rxe7+ Kxe7 57. Kxf5 Kf7 58. h4 Kg7 59. Kg5 Kh7 60. f4 Kh8 61. f5 Kh7 62. Kf6 Kh6 63. Ke7 Kh5 64.
f6 Kg4 65. f7 Kf3 66. f8=Q+ Ke4 67. h5 Kd3 68. h6 Kd4 69. h7 Kd3 70. h8=Q Ke3 71.
Qe5+ Kd2 72. Qd8+ Kc2 73. Qec7+ Kb3 74. Qdb8+ Ka4 75. Qca7# 1-0

[Event "Late-Titled-Tuesday-Blitz-May-14-2024"]
[Site "Chess.com"]
[Date "2024.05.14"]
[Round "9"]
[White "tamarozi99"]
[Black "katharinareinecke"]
[Result "0-1"]
[WhiteElo "2097"]
[BlackElo "1919"]
[TimeControl "180+1"]
[EndTime "15:44:24 PDT"]
[Termination "katharinareinecke won by resignation"]

1. e4 c6 2. d4 d5 3. exd5 cxd5 4. c4 Nf6 5. Nc3 e6 6. Nf3 Be7 7. Bg5 O-O 8. Bd3 h6 9. Bh4 dxc4 10. Bxc4 a6 11. O-O b5 12. Bd3 Bb7 13. a3 Bxf3 14. Qxf3 Qxd4 15. Qxa8 Qxh4 16. Qxa6 Nxa6 17. Bxb5 Nc5 18.
b4 Nce4 19. Ne2 Ng4 20. h3 Ngxf2 21. Bc6 Nd3 22. Rad1 Ne5 23. Rf4 Nxc6 24. Rxh4 Bxh4 25. Rc1 Ne5 26. b5 Ra8 27. b6 Bf2+ 28. Kf1 Bxb6 29.
Ra1 Nd2+ 30. Ke1 Nb3 31. Ra2 Nd3+ 32. Kf1 Ndc1 33. Rb2 Nxe2 34. Rxb3 Bc5 35. Kxe2 Rxa3 36. Rb5 Bf8 37. Rb7 g6 38. Kf2 Kg7 39. Ke2 h5 40. Kf2 Bd6 41. Rb5 Kf6 42. Ke2 Ra2+ 43. Kf3 Ra3+ 44. Ke2 Rg3 45. Kf2 Rg5 46. Rb7 Bc5+ 47.
Kf1 Rf5+ 48. Ke1 Kg5 49. Rb3 e5 50. Rg3+ Kf6 51. Rb3 Ke6 52. Rb7 Kd5 53. Rd7+ Kc6 54. Rd3 e4 55. Rb3 Re5 56. Rb8 f5 57. Rg8 Re6 58.
Rg7 Kd5 59. Rg8 Kd4 60. Rc8 Bb4+ 61. Ke2 Ke5 62. Rb8 Bd6 63. Rb5+ Kf6 64. Rb7 f4 65.
Kf2 Kf5 66. Ke2 e3 67. Rb5+ Be5 68. Rb7 Rd6 69. Rf7+ Ke6 70. Rb7 Rd2+ 71. Kf1 g5 72. h4 gxh4 73. Rb6+ Kf5 74. Rh6 Kg5 75. Rh7 e2+ 76. Ke1 Ra2 77. Re7 Bc3+ 78. Kf2 e1=Q+ 0-1